[Event "Titled Tuesday Blitz March 28 Early 2023"]
[White "Hasangatin, Ramil"]
[Black "Chan, Kim Yew"]
[WhiteFideId "4122160"]
[BlackFideId "5717981"]
[WhiteElo "2275"]
[BlackElo "2206"]
[Result "1-0"]
[Round "03"]
[TimeControl "180+2"]
[Date "2023.03.28"]
[WhiteClock "0:01:47"]
[BlackClock "0:00:05"]

1. e4 e5 2. Nf3 Nf6 3. Nxe5 d6 4. Nf3 Nxe4 5. Qe2 Qe7 6. d3 Nf6 7. Bg5 Qxe2+ 8. Bxe2 Be7 9. Nc3 c6 10. O-O-O O-O 11. Rhe1 h6 12. Bh4 Bg4 13. Nd4 Bxe2 14. Rxe2 Bd8 15. Nf5 d5 16. Ne7+ Bxe7 17. Rxe7 g5 18. Bg3 Nbd7 19. Ne2 Rfe8 20. Rxe8+ Rxe8 21. Nd4 Kh7 22. Kd2 Kg6 23. Bd6 Ng4 24. f3 Ngf6 25. g4 h5 26. h3 hxg4 27. hxg4 Rh8 28. Nf5 Rh3 29. Rf1 Ne8 30. Ba3 Ne5 31. Ke2 Rh2+ 32. Rf2 Rxf2+ 33. Kxf2 Ng7 34. Nd6 b5 35. b4 Ne6 36. Bb2 Nd7 37. Nc8 a6 38. Ne7+ Kh7 39. Nxc6 Nb6 40. Nb8 Nc7 41. Be5 1-0


[Site "https://www.chess.com"]

[Event "Titled Tuesday Blitz March 28 Early 2023"]
[White "Silvestre, Christian"]
[Black "Belozerov, Andrei"]
[WhiteFideId "30956269"]
[BlackFideId "4120213"]
[WhiteElo "2366"]
[BlackElo "2360"]
[Result "0-1"]
[Round "03"]
[TimeControl "180+2"]
[Date "2023.03.28"]
[WhiteClock "0:00:59"]
[BlackClock "0:01:15"]

1. d4 d5 2. Bg5 h6 3. Bc1 Nf6 4. g3 c5 5. c3 Nc6 6. Bg2 Bf5 7. dxc5 a5 8. Nd2 e5 9. e3 Bxc5 10. Ne2 O-O 11. O-O Re8 12. a3 a4 13. c4 dxc4 14. Nxc4 Qd3 15. Nd2 Red8 16. Nc3 Bg4 17. Bf3 Bxf3 18. Qxf3 Rd7 19. Rd1 Qc2 20. Nc4 Rad8 21. Rf1 e4 22. Qe2 Qxe2 23. Nxe2 b5 24. Nd2 Rxd2 25. Bxd2 Rxd2 26. Rac1 Ne5 27. Rxc5 Nf3+ 28. Kg2 Rxe2 29. Rxb5 Ng4 0-1


[Site "https://www.chess.com"]

[Event "Titled Tuesday Blitz March 28 Early 2023"]
[White "Pacan-Milej, Kosma"]
[Black "BenchGM"]
[WhiteFideId "21800537"]
[WhiteElo "2302"]
[BlackElo "2361"]
[Result "0-1"]
[Round "03"]
[TimeControl "180+2"]
[Date "2023.03.28"]
[WhiteClock "0:00:39"]
[BlackClock "0:01:11"]

1. d4 Nf6 2. c4 b6 3. Nc3 Bb7 4. f3 d5 5. cxd5 Nxd5 6. e4 Nxc3 7. bxc3 e5 8. Be3 exd4 9. cxd4 Bb4+ 10. Kf2 O-O 11. Bd3 Nd7 12. Ne2 c5 13. d5 Ne5 14. a3 Ba5 15. Ng3 Qf6 16. Nf5 g6 17. Nh6+ Kg7 18. Bc2 Bc3 19. Rb1 Bd4 20. Bxd4 cxd4 21. Qd2 Nc4 22. Qd3 Ne3 23. e5 Qxe5 24. Ng4 Nxg4+ 25. fxg4 Qxd5 26. Rhg1 Rae8 27. Rbd1 Qg5 28. Qxd4+ Kg8 29. g3 Rd8 30. Qe3 Qxg4 31. Rxd8 Rxd8 32. Bb3 Qf5+ 33. Qf4 Qc5+ 34. Ke1 Qc3+ 0-1


[Site "https://www.chess.com"]

[Event "Titled Tuesday Blitz March 28 Early 2023"]
[White "Shkuran, Danylo"]
[Black "Itgelt, Khuyagtsogt"]
[WhiteFideId "14106248"]
[BlackFideId "4902912"]
[WhiteElo "2427"]
[BlackElo "2227"]
[Result "1-0"]
[Round "03"]
[TimeControl "180+2"]
[Date "2023.03.28"]
[WhiteClock "0:01:26"]
[BlackClock "0:01:33"]

1. d4 Nf6 2. c4 g6 3. Nc3 d5 4. cxd5 Nxd5 5. Nf3 Nxc3 6. bxc3 Bg7 7. Bb2 O-O 8. e3 c5 9. Bd3 Nc6 10. O-O Bg4 11. h3 Bxf3 12. Qxf3 Ne5 13. Qe2 Nxd3 14. Qxd3 Qd7 15. Qe4 Rac8 16. Rfd1 cxd4 17. cxd4 e6 18. Ba3 Rfd8 19. Rac1 Qa4 20. Be7 Re8 21. Qxb7 Rxc1 22. Rxc1 Qxa2 23. Qd7 Ra8 24. Rc8+ Bf8 25. Rxa8 1-0


[Site "https://www.chess.com"]

[Event "Titled Tuesday Blitz March 28 Early 2023"]
[White "Manon-og, Ramon Jr."]
[Black "Postnikov, Daniil"]
[WhiteFideId "5200776"]
[BlackFideId "4166329"]
[WhiteElo "2343"]
[BlackElo "2261"]
[Result "1-0"]
[Round "03"]
[TimeControl "180+2"]
[Date "2023.03.28"]
[WhiteClock "0:00:02"]
[BlackClock "0:00:04"]

1. e4 e6 2. d4 d5 3. Nd2 c5 4. Ngf3 cxd4 5. Nxd4 Nc6 6. Bb5 Bd7 7. Nxc6 Bxc6 8. Bd3 dxe4 9. Nxe4 Nf6 10. Nxf6+ Qxf6 11. O-O Bc5 12. Qe2 O-O 13. Bxh7+ Kxh7 14. Qh5+ Kg8 15. Qxc5 Rac8 16. Qxa7 Qg6 17. f3 Qxc2 18. Qf2 Bd5 19. Be3 b5 20. Bd4 Qxf2+ 21. Rxf2 Rc4 22. Rd2 Rfc8 23. b3 Rc2 24. Rxc2 Rxc2 25. a4 bxa4 26. bxa4 Ra2 27. a5 Rxa1+ 28. Bxa1 f6 29. a6 e5 30. Bc3 Kf7 31. Bb4 Ke6 32. Kf2 g6 33. h4 f5 34. g4 e4 35. fxe4 Bxe4 36. Ke3 Ba8 37. g5 Kd5 38. Kf4 Ke6 39. a7 Bc6 40. Bc3 Ba8 41. Ke3 Kd5 42. Kd3 Bb7 43. Ke3 Ba8 44. Kf4 Ke6 45. Kg3 Bb7 46. h5 gxh5 47. Kh4 Bf3 48. g6 f4 49. Kg5 Be4 50. Kxf4 Ba8 51. Kg5 Bf3 52. Kh4 Ke7 53. Kg5 Kf8 54. Be5 Kg8 55. Kh6 Bb7 56. Kxh5 Be4 57. Kg5 Bb7 58. Kf6 Be4 59. Ke7 Bd3 60. a8=Q# 1-0


[Site "https://www.chess.com"]

[Event "Titled Tuesday Blitz March 28 Early 2023"]
[White "Orlov, Georgi"]
[Black "Fathy, Elameir"]
[WhiteFideId "2011271"]
[BlackFideId "10600396"]
[WhiteElo "2591"]
[BlackElo "2311"]
[Result "1-0"]
[Round "03"]
[TimeControl "180+2"]
[Date "2023.03.28"]
[WhiteClock "0:01:13"]
[BlackClock "0:00:17"]

1. e4 c6 2. Nc3 d5 3. Nf3 Bg4 4. h3 Bxf3 5. Qxf3 e6 6. d4 Nf6 7. Bd3 dxe4 8. Nxe4 Qxd4 9. O-O Nbd7 10. Be3 Qb4 11. a3 Qa5 12. b4 Qc7 13. Bf4 e5 14. Bg3 Be7 15. Rfe1 O-O 16. Nxf6+ Bxf6 17. Rad1 Rad8 18. Qg4 g6 19. f4 exf4 20. Bxf4 Be5 21. Bg5 Bf6 22. Bf4 Be5 23. Be3 Nf6 24. Qf3 Kg7 25. Bg5 h6 26. Bh4 Bd4+ 27. Kh1 Rfe8 28. Rf1 Re6 29. Bc4 Red6 30. Rxd4 1-0


[Site "https://www.chess.com"]

[Event "Titled Tuesday Blitz March 28 Early 2023"]
[White "Pham, Le Thao Nguyen"]
[Black "crosky"]
[WhiteFideId "12401226"]
[WhiteElo "2282"]
[BlackElo "2335"]
[Result "1-0"]
[Round "03"]
[TimeControl "180+2"]
[Date "2023.03.28"]
[WhiteClock "0:00:17"]
[BlackClock "0:00:01"]

1. d4 Nf6 2. Nf3 e6 3. Bf4 c5 4. e3 d5 5. c3 Nc6 6. Nbd2 Bd6 7. Bg3 O-O 8. Bd3 cxd4 9. exd4 Re8 10. Ne5 Ne7 11. O-O Ng6 12. f4 Qc7 13. Qf3 Bd7 14. Rae1 Bc6 15. Re2 Ne7 16. Bh4 Ng6 17. Bg5 Ne4 18. Nxe4 dxe4 19. Bxe4 Bxe4 20. Qxe4 Nf8 21. Bh4 f5 22. Qf3 Bxe5 23. fxe5 Kh8 24. g4 Ng6 25. Bg3 fxg4 26. Qxg4 Qc6 27. Ref2 Rf8 28. h4 Kg8 29. h5 Rxf2 30. Rxf2 Ne7 31. Bh4 Nf5 32. Bf6 Rf8 33. Rxf5 1-0


[Site "https://www.chess.com"]

[Event "Titled Tuesday Blitz March 28 Early 2023"]
[White "Ovezdurdyyeva, Jemal"]
[Black "Yelisieiev, Yevhenii"]
[WhiteFideId "14001888"]
[BlackFideId "14139642"]
[WhiteElo "2043"]
[BlackElo "2447"]
[Result "0-1"]
[Round "03"]
[TimeControl "180+2"]
[Date "2023.03.28"]
[WhiteClock "0:00:05"]
[BlackClock "0:00:05"]

1. e4 d6 2. d4 Nf6 3. Nc3 e5 4. Nf3 Nbd7 5. Be2 c6 6. O-O Be7 7. h3 b5 8. a3 Bb7 9. Nh4 g6 10. Bh6 Bf8 11. Be3 Bg7 12. d5 cxd5 13. Nxb5 Nxe4 14. f3 a6 15. fxe4 axb5 16. Nf3 d4 17. Bg5 f6 18. Bh4 Qb6 19. Qd3 O-O 20. b4 Bc6 21. Bf2 Qb7 22. Nd2 f5 23. exf5 gxf5 24. Qg3 Kh8 25. Rfc1 e4 26. Nf1 f4 27. Qh4 Be5 28. Bh5 Rg8 29. Bg4 Nf6 30. Bf5 e3 31. g4 fxg3 32. Bxg3 Bh1 0-1


[Site "https://www.chess.com"]

[Event "Titled Tuesday Blitz March 28 Early 2023"]
[White "Vovk, Orest"]
[Black "Buscar, Michael"]
[WhiteFideId "14113490"]
[BlackFideId "2603616"]
[WhiteElo "2215"]
[BlackElo "2010"]
[Result "1/2-1/2"]
[Round "03"]
[TimeControl "180+2"]
[Date "2023.03.28"]
[WhiteClock "0:00:03"]
[BlackClock "0:00:12"]

1. h4 b6 2. h5 Bb7 3. Nc3 e6 4. e4 c5 5. Nf3 d6 6. d4 cxd4 7. Nxd4 a6 8. Be3 h6 9. Qd2 Nd7 10. O-O-O Ngf6 11. f3 Be7 12. g4 Rc8 13. g5 hxg5 14. Bxg5 Nxh5 15. f4 Bxg5 16. fxg5 Ne5 17. g6 Nxg6 18. Be2 Ng3 19. Rhg1 Nxe4 20. Nxe4 Bxe4 21. Bxa6 Rc5 22. Bb5+ Kf8 23. Rdf1 Kg8 24. Bd3 Qh4 25. Be2 Ne5 26. Rf4 Qh2 27. Qe3 d5 28. c3 Rh3 29. Qf2 Qxf2 30. Rxf2 Rh1 31. Rxh1 Bxh1 32. Kd2 Be4 33. b4 Rc8 34. a4 Ra8 35. Bb5 Nc4+ 36. Bxc4 dxc4 37. Ke3 Bd3 38. Ra2 g5 39. a5 bxa5 40. Rxa5 Re8 41. Rxg5+ Kf8 42. Nc6 f6 43. Rc5 e5 44. b5 f5 45. Nxe5 Ke7 46. Kf4 Kd6 47. Rc6+ Kd5 48. Nd7 Re4+ 49. Kg5 Re2 50. Nf6+ Ke5 51. b6 Rg2+ 52. Kh6 Rb2 53. Nd7+ Kf4 54. Rc7 Ke3 55. b7 f4 56. b8=Q Rxb8 57. Nxb8 f3 58. Re7+ Kd2 59. Rf7 Ke2 60. Nc6 f2 61. Nd4+ Ke1 62. Re7+ Kd2 63. Rf7 f1=Q 64. Rxf1 Bxf1 65. Nb5 Bg2 66. Nd6 Kxc3 67. Nxc4 1/2-1/2


[Site "https://www.chess.com"]

[Event "Titled Tuesday Blitz March 28 Early 2023"]
[White "Polanco Nunez, Yoel Estarling"]
[Black "Turzo, Attila"]
[WhiteFideId "6401783"]
[BlackFideId "704954"]
[WhiteElo "2132"]
[BlackElo "2519"]
[Result "1-0"]
[Round "03"]
[TimeControl "180+2"]
[Date "2023.03.28"]
[WhiteClock "0:00:56"]
[BlackClock "0:00:13"]

1. d4 Nf6 2. c4 c5 3. d5 b5 4. cxb5 a6 5. bxa6 g6 6. Nc3 Bxa6 7. Nf3 Bg7 8. e4 Bxf1 9. Kxf1 O-O 10. g3 d6 11. Kg2 Nbd7 12. a4 Ne8 13. h4 h6 14. Qe2 Nc7 15. Bf4 Qb8 16. e5 dxe5 17. Nxe5 Nxe5 18. Bxe5 Qb7 19. Bxg7 Kxg7 20. Qxe7 Qxb2 21. Qe5+ Kg8 22. Rab1 Rae8 23. Qxe8 Qxc3 24. Qc6 Qe5 25. d6 Ne6 26. Rhe1 Qf5 27. Qf3 Qc2 28. Rbc1 Qxa4 29. Qd5 Qd7 30. h5 g5 31. Rcd1 Rd8 32. Qf5 Kg7 33. Rd5 Qc6 34. Rxe6 fxe6 35. Qxe6 Rd7 36. Qg6+ Kf8 37. Qxh6+ Ke8 38. Qe6+ Kf8 39. Kh3 Rf7 40. Rf5 Qh1+ 41. Kg4 Qd1+ 42. f3 Qd4+ 43. Kh3 Rxf5 44. Qxf5+ Ke8 45. Qe4+ Qxe4 46. fxe4 c4 47. h6 c3 48. h7 c2 49. h8=Q+ Kd7 50. Qb2 1-0


[Site "https://www.chess.com"]

[Event "Titled Tuesday Blitz March 28 Early 2023"]
[White "Davidson, Kevin"]
[Black "Hajiyev, Kanan"]
[WhiteFideId "2056810"]
[BlackFideId "13404148"]
[WhiteElo "2151"]
[BlackElo "2103"]
[Result "1/2-1/2"]
[Round "03"]
[TimeControl "180+2"]
[Date "2023.03.28"]
[WhiteClock "0:00:05"]
[BlackClock "0:00:07"]

1. e4 c6 2. d4 d5 3. e5 a6 4. Be3 Bf5 5. Nd2 e6 6. Ngf3 c5 7. dxc5 Nd7 8. Nb3 Qc7 9. Nfd4 Bg6 10. f4 Nxc5 11. Nxc5 Bxc5 12. Be2 Ne7 13. O-O Nf5 14. Nxf5 Bxf5 15. Bxc5 Qxc5+ 16. Kh1 Qxc2 17. Qxc2 Bxc2 18. Rac1 Ba4 19. Rc7 Bc6 20. f5 O-O 21. Bg4 exf5 22. Rxf5 Rad8 23. Be2 g6 24. Rf6 d4 25. Bd3 Rde8 26. Rd6 Rxe5 27. h3 Rd5 28. Rf6 Bb5 29. Bxb5 axb5 30. Rf2 d3 31. Rd2 Re8 32. Rc3 Re1+ 33. Kh2 Re3 34. Kg1 Re2 35. Rdxd3 Rxd3 36. Rxd3 Rxb2 37. a3 b4 38. axb4 Rxb4 39. Rd7 Kf8 40. Kh2 Ke8 41. Rc7 h5 42. Kg3 g5 43. Kf3 Rb3+ 44. Kf2 h4 45. Ke2 f5 46. Rc5 g4 47. Rxf5 gxh3 48. gxh3 Rxh3 49. Rb5 Rh2+ 50. Kf3 h3 51. Kg3 Rh1 52. Rxb7 h2 53. Kg2 Rc1 54. Kxh2 Rc2+ 55. Kg3 Rc3+ 56. Kf4 Rc4+ 57. Ke5 Rc6 58. Kd5 Rc3 59. Ke5 Kd8 60. Rh7 Kc8 61. Kd6 Rd3+ 62. Kc6 Rc3+ 63. Kd6 Rd3+ 64. Kc6 Rc3+ 65. Kd6 1/2-1/2


[Site "https://www.chess.com"]

[Event "Titled Tuesday Blitz March 28 Early 2023"]
[White "Hirneise, Jens"]
[Black "Jiganchine, Roman"]
[WhiteFideId "24614734"]
[BlackFideId "2603667"]
[WhiteElo "2345"]
[BlackElo "2324"]
[Result "0-1"]
[Round "03"]
[TimeControl "180+2"]
[Date "2023.03.28"]
[WhiteClock "0:00:23"]
[BlackClock "0:00:14"]

1. e4 c6 2. d3 d5 3. Nd2 e5 4. Ngf3 Bd6 5. Be2 Nf6 6. O-O O-O 7. a4 a5 8. c3 Re8 9. Re1 Nbd7 10. Bf1 b5 11. axb5 cxb5 12. exd5 Nxd5 13. d4 Ba6 14. Ne4 Bc7 15. dxe5 Nxe5 16. Nd4 Qh4 17. g3 Qg4 18. Qxg4 Nxg4 19. Bd2 Ne5 20. f4 Nc4 21. Bxc4 bxc4 22. Nc5 Reb8 23. Ra2 Bb6 24. Nxa6 Bxd4+ 25. cxd4 Rxa6 26. Bxa5 Rba8 27. Rea1 Ne3 28. Ra4 Nc2 29. R1a2 Nxd4 30. R4a3 Nb5 31. Ra4 Nd6 32. R4a3 Nb7 33. Bb4 Rxa3 34. bxa3 Rc8 35. Rc2 f5 36. Kf2 Nd8 37. Ke3 Ne6 38. Rc1 Kf7 39. Rd1 Rc7 40. Bc3 Rb7 41. Rd5 Ra7 42. Bb4 g6 43. Kd2 Ra6 44. Kc3 Ra7 45. Kxc4 Rc7+ 46. Kb3 Rc1 47. a4 Rb1+ 48. Kc4 Rc1+ 49. Bc3 Rc2 50. Rd7+ Ke8 51. Rd3 Rc1 52. Re3 Kf7 53. Kb3 Rb1+ 54. Kc2 Rb7 55. a5 Ra7 56. Re5 Rc7 57. Rb5 Nd4+ 58. Kd3 Nxb5 59. Bb4 Na7 60. Bd6 Rd7 61. Kc4 Nc6 62. Kc5 Nxa5 63. Be5 Re7 64. Kb5 Rb7+ 65. Kxa5 Rb3 66. Ka4 Rb1 67. Ka3 Rh1 68. Kb3 Rg1 69. Kc4 Rh1 70. Kd3 Rxh2 71. Ke3 Rg2 72. Kf3 Rc2 73. Ke3 Ke6 74. Kf3 Ra2 75. Ke3 Kd5 76. Bf6 Ra3+ 77. Kf2 Ke4 78. Be7 Rf3+ 79. Kg2 Rd3 80. Bg5 Ke3 81. Bh6 Ke2 82. Bg7 Rd7 83. Bf6 Rd6 84. Bg5 Rc6 85. Be7 Rc2 86. Bg5 Ke3+ 87. Kh3 Kf3 88. Bh4 Re2 89. Bg5 Rc2 90. Bh4 Rg2 91. Bf6 Rxg3+ 92. Kh2 Rg2+ 93. Kh3 Rc2 94. Be5 Rc5 95. Kh4 Ke4 96. Kg5 Rb5 97. Bd6 Rb7 98. Kh6 Rd7 99. Bb8 Kf3 100. Kg5 Rb7 101. Be5 Re7 102. Bd6 Rd7 103. Bc7 Kg3 104. Kh6 Kg4 105. Be5 Re7 106. Bb8 Rd7 107. Bd6 Rb7 108. Be5 Rb4 109. Bf6 Rxf4 110. Be5 Re4 111. Bd6 f4 112. Bc7 f3 113. Bb6 Re2 114. Bf2 Rc2 115. Be3 Ra2 116. Bd4 Ra4 117. Be3 Rc4 118. Bf2 Rc2 119. Be3 f2 120. Bxf2 Rxf2 121. Kg7 Rg2 122. Kh6 Re2 123. Kg7 Kf4 124. Kh6 Re4 125. Kg7 Kf3 126. Kh6 Rd4 127. Kg7 Rc4 128. Kh6 Ke4 129. Kg7 Kd5 130. Kh6 Kc6 131. Kg7 Kd7 132. Kh6 g5 133. Kg7 g4 134. Kh6 g3 135. Kg7 g2 136. Kh6 g1=Q 137. Kh5 Rc5+ 138. Kh6 Qg6# 0-1


[Site "https://www.chess.com"]

[Event "Titled Tuesday Blitz March 28 Early 2023"]
[White "Arencibia Monduy, Antonio"]
[Black "Prudnykova, Olga"]
[WhiteFideId "3507939"]
[BlackFideId "14121093"]
[WhiteElo "2510"]
[BlackElo "2113"]
[Result "1-0"]
[Round "03"]
[TimeControl "180+2"]
[Date "2023.03.28"]
[WhiteClock "0:00:08"]
[BlackClock "0:00:37"]

1. e4 c5 2. Nf3 Nf6 3. e5 Nd5 4. c3 e6 5. d4 cxd4 6. cxd4 Bb4+ 7. Bd2 Bxd2+ 8. Qxd2 b6 9. Nc3 Ne7 10. Ne4 O-O 11. Nd6 Ba6 12. Bxa6 Nxa6 13. Qd3 Nc7 14. Ng5 Ng6 15. h4 h6 16. Ngxf7 Rxf7 17. Qxg6 Rf8 18. Rh3 Nd5 19. Rg3 Qe7 20. Qe4 Rf4 21. Qc2 Rxd4 22. Rd1 Rxd1+ 23. Qxd1 Qxh4 24. Qg4 Qe7 25. Qg6 Rf8 26. Qxh6 Nf4 27. Qg5 Nd3+ 28. Ke2 Qxg5 29. Rxg5 Nxb2 30. Rg4 Rb8 31. Rb4 b5 32. Rxb2 a6 33. Kd3 Rb6 34. f3 Rc6 35. Rc2 1-0


[Site "https://www.chess.com"]

[Event "Titled Tuesday Blitz March 28 Early 2023"]
[White "Mrudul Dehankar"]
[Black "Ronka, Erik"]
[WhiteFideId "25096990"]
[BlackFideId "505080"]
[WhiteElo "2139"]
[BlackElo "2264"]
[Result "0-1"]
[Round "03"]
[TimeControl "180+2"]
[Date "2023.03.28"]
[WhiteClock "0:00:02"]
[BlackClock "0:01:36"]

1. e4 c6 2. d4 d5 3. Nd2 dxe4 4. Nxe4 Bf5 5. Ng3 Bg6 6. h4 h6 7. Nh3 e6 8. Nf4 Bh7 9. Bc4 Nd7 10. c3 Ngf6 11. O-O Bd6 12. Re1 Bxf4 13. Bxf4 O-O 14. Qf3 a5 15. Rad1 a4 16. Bd3 Bxd3 17. Rxd3 Qa5 18. Be5 Qd5 19. a3 Rad8 20. Qxd5 Nxd5 21. Bd6 Rfe8 22. Ne4 N7f6 23. Bg3 Nxe4 24. Rxe4 b5 25. Be5 f6 26. Bh2 Kf7 27. Rd1 Nb6 28. Rde1 Nc4 29. R4e2 Rd7 30. h5 Rde7 31. g4 Rc8 32. Kg2 c5 33. d5 Rce8 34. d6 Rd7 35. Rd2 Nxd2 0-1


[Site "https://www.chess.com"]

[Event "Titled Tuesday Blitz March 28 Early 2023"]
[White "Gronnestad, Anita"]
[Black "Ljukin, Sergei"]
[WhiteFideId "1502972"]
[BlackFideId "14102200"]
[WhiteElo "1939"]
[BlackElo "2312"]
[Result "1-0"]
[Round "03"]
[TimeControl "180+2"]
[Date "2023.03.28"]
[WhiteClock "0:00:16"]
[BlackClock "0:00:02"]

1. d4 d5 2. c4 c6 3. Nf3 Nf6 4. Nc3 dxc4 5. a4 Bf5 6. e3 e6 7. Bxc4 Bb4 8. O-O Nbd7 9. Nd2 e5 10. Bxf7+ Kxf7 11. Qb3+ Nd5 12. Nxd5 cxd5 13. Qxb4 e4 14. Qxb7 Be6 15. f3 Rb8 16. fxe4+ Kg6 17. Qxa7 dxe4 18. Nxe4 Rf8 19. Bd2 Rxb2 20. Rxf8 Nxf8 21. Rf1 h6 22. Ba5 Qd5 23. Bc3 Rc2 24. Qc7 Qxe4 25. Qg3+ Kh7 26. d5 Rxc3 27. dxe6 Nxe6 28. Re1 Qxa4 29. Qf3 Qc6 30. Qf5+ Kg8 31. Rd1 Rc1 32. Rxc1 Qxc1+ 33. Kf2 Qd2+ 34. Kf3 Qd1+ 35. Ke4 Qc2+ 36. Ke5 Qxf5+ 37. Kxf5 Kf7 38. e4 Nd4+ 39. Ke5 Ne6 40. h4 Ke7 41. g4 1-0


[Site "https://www.chess.com"]

[Event "Titled Tuesday Blitz March 28 Early 2023"]
[White "Lehtosaari, Mauri"]
[Black "Sarkar, Justin"]
[WhiteFideId "501999"]
[BlackFideId "2010011"]
[WhiteElo "2504"]
[BlackElo "2189"]
[Result "1-0"]
[Round "03"]
[TimeControl "180+2"]
[Date "2023.03.28"]
[WhiteClock "0:01:16"]
[BlackClock "0:00:01"]

1. d4 Nf6 2. Nf3 d5 3. Bg5 e6 4. Nbd2 Be7 5. e3 O-O 6. Bd3 c5 7. c3 b6 8. Ne5 Nfd7 9. Bf4 Nxe5 10. Bxe5 Ba6 11. Bxa6 Nxa6 12. O-O Qd7 13. Qg4 f6 14. Bg3 Rac8 15. Rac1 Bd6 16. Rfd1 c4 17. Bxd6 Qxd6 18. e4 f5 19. exf5 exf5 20. Qg5 Nb8 21. Re1 Nc6 22. Nf3 Qf6 23. Qxf6 Rxf6 24. Ne5 f4 25. f3 Re8 26. Nxc6 Rxe1+ 27. Rxe1 Rxc6 28. Re7 Rd6 29. Rxa7 Re6 30. Kf2 Re3 31. Rd7 1-0


[Site "https://www.chess.com"]

[Event "Titled Tuesday Blitz March 28 Early 2023"]
[White "Coelho, Ramyres Santana"]
[Black "Petukhov, Dmitry"]
[WhiteFideId "2120690"]
[BlackFideId "4142748"]
[WhiteElo "1888"]
[BlackElo "2311"]
[Result "0-1"]
[Round "03"]
[TimeControl "180+2"]
[Date "2023.03.28"]
[WhiteClock "0:00:12"]
[BlackClock "0:01:32"]

1. e4 c5 2. Nf3 d5 3. exd5 Qxd5 4. Nc3 Qd8 5. Bc4 Nf6 6. Ne5 e6 7. O-O Be7 8. f4 O-O 9. g4 Nbd7 10. g5 Nxe5 11. gxf6 Nxc4 12. fxe7 Qxe7 13. d3 Nd6 14. Ne4 Nxe4 15. dxe4 b6 16. Qh5 Bb7 17. f5 Bxe4 18. f6 Qd6 19. Be3 gxf6 20. Rxf6 Bg6 21. Qh6 Rfd8 22. Kf2 Qe5 23. Qh4 Rd5 24. Rg1 Rad8 25. Bh6 Rd2+ 26. Bxd2 Rxd2+ 27. Kf3 Rxh2 28. Rfxg6+ hxg6 29. Qf4 Rf2+ 30. Kxf2 Qxf4+ 31. Ke2 Qc4+ 32. Kd2 Qxa2 33. b3 Qb2 34. Rg4 Qe5 35. Ra4 a5 36. Rc4 g5 37. Rg4 Kg7 38. Rc4 f5 39. Rc3 g4 40. Re3 Qf4 41. Ke2 g3 42. c4 Qf2+ 43. Kd3 g2 44. b4 g1=Q 45. Re2 Qd1+ 46. Kc3 Qfd4# 0-1


[Site "https://www.chess.com"]

[Event "Titled Tuesday Blitz March 28 Early 2023"]
[White "koncheto"]
[Black "Ardila, Oscar Humberto"]
[BlackFideId "4404742"]
[WhiteElo "2500"]
[BlackElo "1911"]
[Result "1-0"]
[Round "03"]
[TimeControl "180+2"]
[Date "2023.03.28"]
[WhiteClock "0:00:32"]
[BlackClock "0:00:04"]

1. e4 e5 2. Nf3 Nf6 3. Nxe5 d6 4. Nf3 Nxe4 5. d4 Be7 6. Bd3 Nf6 7. O-O Bg4 8. c4 O-O 9. h3 Bh5 10. Nbd2 Nbd7 11. b3 Re8 12. Re1 c6 13. Bb2 Bg6 14. Qc2 Bxd3 15. Qxd3 Qc7 16. Re2 Nf8 17. Rae1 Ng6 18. Qf5 Bf8 19. Ne4 Nxe4 20. Rxe4 Rxe4 21. Qxe4 Qd7 22. d5 c5 23. h4 a6 24. h5 Ne7 25. g4 h6 26. Kh2 b5 27. Rg1 bxc4 28. bxc4 Re8 29. g5 Nf5 30. Qf4 hxg5 31. Rxg5 Nd4 32. Nxd4 cxd4 33. Bxd4 f6 34. Qxf6 Qf7 35. h6 Qxf6 36. Bxf6 Kf7 37. hxg7 Bxg7 38. Bxg7 Re2 39. Bd4 Rxa2 40. Rg7+ Ke8 41. Rb7 a5 42. c5 dxc5 43. Bxc5 a4 44. d6 Rd2 45. Ra7 Rd5 46. Ba3 Rd4 47. f3 Kd8 48. Kg3 Kc8 49. Bc5 Rd5 50. Rc7+ Kb8 51. Ba3 Rd3 52. Bb4 a3 53. Rc3 Rd5 54. Rxa3 Kb7 55. f4 Kc6 56. Kg4 Rd1 57. f5 Rg1+ 58. Kh5 Rf1 59. Kg6 Kb5 60. d7 Rd1 61. Ra7 Kxb4 62. f6 Kc5 63. f7 Rg1+ 64. Kh5 Rh1+ 65. Kg4 Rg1+ 66. Kh3 1-0


[Site "https://www.chess.com"]

[Event "Titled Tuesday Blitz March 28 Early 2023"]
[White "TheKnightOfBosnia"]
[Black "sebastianmarinp"]
[WhiteElo "2496"]
[BlackElo "2298"]
[Result "1-0"]
[Round "03"]
[TimeControl "180+2"]
[Date "2023.03.28"]
[WhiteClock "0:00:14"]
[BlackClock "0:00:01"]

1. e4 e5 2. Nf3 Nc6 3. Bb5 a6 4. Ba4 Nf6 5. d3 b5 6. Bb3 Bb7 7. Nc3 Be7 8. O-O O-O 9. a4 Na5 10. Nxe5 b4 11. Nxf7 Rxf7 12. Bxf7+ Kxf7 13. Ne2 Kg8 14. Bd2 d5 15. e5 Nd7 16. d4 c5 17. c3 Nc4 18. b3 Nxd2 19. Qxd2 bxc3 20. Nxc3 Rc8 21. Rfd1 cxd4 22. Qxd4 Nc5 23. Rab1 Ne6 24. Qd2 d4 25. Ne2 Qd5 26. f3 Bg5 27. Qd3 Be3+ 28. Kf1 Ng5 29. Nxd4 Qxe5 30. Nf5 Bc5 31. Qd7 Nxf3 32. gxf3 Rf8 33. Qxg7+ Qxg7 34. Nxg7 Kxg7 35. Rd7+ Rf7 36. Rxf7+ Kxf7 37. Rc1 Bd6 38. Kg2 Ke6 39. Re1+ Be5 40. h4 a5 41. Re3 Bd5 42. Kh3 Kf5 43. Rd3 Be6 44. Kg2 Kf4 45. Rd8 Bxb3 46. Rf8+ Ke3 47. Rf5 Kd4 48. f4 Bd6 49. Rxa5 Bd5+ 50. Kg3 Ke4 51. Ra7 Bxf4+ 52. Kg4 h6 53. Re7+ Be5 54. a5 Bc4 55. Kh5 Kf5 56. Kxh6 Bf6 57. Rc7 Be2 58. Rc5+ Be5 59. h5 Ke4 60. Rc2 Bd3 61. Rc6 Kf5 62. a6 Bf4+ 63. Kg7 Kg5 64. Rc5+ Kg4 65. a7 Be3 66. Ra5 Bxa7 67. Rxa7 Kxh5 68. Ra3 Be4 69. Kf6 Kg4 70. Ke5 Bf3 71. Kd4 Kf4 72. Ra7 Be4 73. Rf7+ Bf5 74. Rf8 Kg5 75. Ke5 Bd7 76. Rg8+ Kh6 77. Kf6 Kh7 78. Rg7+ Kh8 79. Rxd7 1-0


[Site "https://www.chess.com"]

[Event "Titled Tuesday Blitz March 28 Early 2023"]
[White "Da Silva, Lindolfo Luiz"]
[Black "De Souza, Cristiano Gomes"]
[WhiteFideId "2106558"]
[BlackFideId "2151758"]
[WhiteElo "2494"]
[BlackElo "2068"]
[Result "1-0"]
[Round "03"]
[TimeControl "180+2"]
[Date "2023.03.28"]
[WhiteClock "0:01:22"]
[BlackClock "0:00:16"]

1. d4 Nf6 2. g3 g6 3. Bg2 Bg7 4. c4 O-O 5. Nc3 d6 6. Nf3 Nc6 7. O-O Bf5 8. d5 Na5 9. Nd4 Bd7 10. Qd3 c5 11. Nc2 a6 12. b3 Rc8 13. Bb2 Ng4 14. f4 b5 15. h3 bxc4 16. bxc4 Nh6 17. e4 Rb8 18. Rab1 Qc8 19. Kh2 Nb7 20. Ne3 Nd8 21. g4 f6 22. Ba1 Rxb1 23. Rxb1 Bxg4 24. hxg4 Nxg4+ 25. Nxg4 Qxg4 26. Qf3 Qh4+ 27. Bh3 Bh6 28. Ne2 Nf7 29. Rb7 Re8 30. Qg3 Qh5 31. Qg4 Qxg4 32. Bxg4 Kf8 33. Kg3 Bg7 34. Bd7 Rd8 35. Be6 h5 36. Ng1 Bh6 37. Nf3 g5 38. Bxf7 gxf4+ 39. Kh4 Kxf7 40. Kxh5 Bg7 41. Nh4 Rh8+ 42. Kg4 Bf8 43. Nf5 Rh1 44. Bb2 Rh2 45. Nxd6+ Kg6 46. Nf5 Kf7 47. Kxf4 Rf2+ 48. Kg4 Rc2 49. d6 Re2 50. Kf3 1-0


[Site "https://www.chess.com"]

[Event "Titled Tuesday Blitz March 28 Early 2023"]
[White "Rom, Jasper"]
[Black "Avalos Parra, Joao"]
[WhiteFideId "2023733"]
[BlackFideId "3402541"]
[WhiteElo "2233"]
[BlackElo "2173"]
[Result "1-0"]
[Round "03"]
[TimeControl "180+2"]
[Date "2023.03.28"]
[WhiteClock "0:00:07"]
[BlackClock "0:00:14"]

1. e4 e5 2. Nf3 Nc6 3. Bb5 a6 4. Bxc6 dxc6 5. O-O Qf6 6. d4 exd4 7. Bg5 Qd6 8. Nxd4 f6 9. Bh4 c5 10. Ne2 Bg4 11. f3 Be6 12. Bg3 Qxd1 13. Rxd1 c6 14. Nbc3 Be7 15. a4 Nh6 16. a5 Kf7 17. Na4 Rhd8 18. Bc7 Rxd1+ 19. Rxd1 Rc8 20. Bg3 g5 21. Nec3 f5 22. Bd6 c4 23. Nc5 Rd8 24. Bxe7 Rxd1+ 25. Nxd1 Kxe7 26. Nxb7 fxe4 27. fxe4 Nf7 28. Nc5 Kd6 29. Nxa6 c5 30. Nc3 Bc8 31. Nb5+ Kd7 32. Nac7 Nd6 33. Nxd6 Kxd6 34. Nd5 Ke5 35. Nc3 h5 36. Kf2 g4 37. Ke3 h4 38. g3 hxg3 39. hxg3 Bb7 40. Na4 Bxe4 41. Nxc5 Bf3 42. c3 Kd5 43. Nd7 Kd6 44. Nf6 Kc5 45. Kf4 Kb5 46. Nxg4 Bd1 47. Ne3 Be2 48. g4 Kxa5 49. g5 Kb5 50. g6 Bh5 51. Kg5 Bxg6 52. Kxg6 Ka4 53. Nxc4 Kb3 54. Ne3 Kxb2 55. c4 Kc3 56. c5 Kd4 57. c6 Kxe3 58. c7 Kd3 59. c8=Q 1-0


[Site "https://www.chess.com"]